 Dungeon Crawl Stone Soup version 0.28.0-47-ge53b351184 (webtiles) character file.

Game seed: 6424820626614290680

24713 NinjaNoafa the Protected (level 12, -15/110 (115) HPs)
             Began as a Minotaur Monk on Apr 27, 2022.
             Was the Champion of Ru.
             Shot with an arrow by Nessos (16 damage)
             ... on level 13 of the Dungeon.
             The game lasted 00:35:20 (12087 turns).

NinjaNoafa the Protected (Minotaur Monk)           Turns: 12087, Time: 00:35:21

HP:   -15/110 (115) AC: 22    Str: 20    XL:     12   Next: 83%
MP:   5/11          EV:  8    Int: 10    God:    Ru [******]
Gold: 621           SH:  5    Dex: 18    Spells: 11/11 levels left

rFire   x . .      SeeInvis .   e - +4 great mace "Hyuckef" {venom, rN+ Int+3 Dex+4}
rCold   . . .      Faith    .   (shield currently unavailable)
rNeg    + . .      Spirit   .   o - +0 plate armour
rPois   .          Reflect  +   (helmet restricted)
rElec   .          Harm     .   (no cloak)
rCorr   .          Rampage  .   n - +2 pair of gloves
Will    +....                   i - +2 pair of boots
Stlth   ..........              m - amulet of reflection
HPRegen 1.08/turn               u - +4 ring of protection
MPRegen 0.12/turn               t - ring of protection from cold

@: lethally poisoned (-15 -> -40), exhausted, about to teleport, studying Bows,
lightly drained
A: horns 2, inability to use devices, hated by all, reduced AC 1, temperature
sensitive, retaliatory headbutt, strong-willed 1, regeneration 1
a: Renounce Religion, Draw Out Power, Power Leap, Apocalypse


You were on level 13 of the Dungeon.
You worshipped Ru.
Ru was exalted by your worship.
You visited 3 branches of the dungeon, and saw 15 of its levels.

You collected 851 gold pieces.
You spent 230 gold pieces at shops.

Inventory:

Hand Weapons
 e - the +4 great mace "Hyuckef" (weapon) {venom, rN+ Int+3 Dex+4}
   (You took it off an ogre on level 4 of the Dungeon)

   It poisons the flesh of those it strikes.
   Int:       It affects your intelligence (+3).
   Dex:       It affects your dexterity (+4).
   rN:        It protects you from negative energy.
 w - a +4 hand crossbow
Missiles
 c - 24 poisoned darts
 f - 9 throwing nets
 h - a curare-tipped dart (quivered)
 x - 58 bolts
Armour
 i - a +2 pair of boots (worn)
 n - a +2 pair of gloves (worn)
 o - a +0 plate armour (worn)
 v - a +0 kite shield
Jewellery
 m - an amulet of reflection (around neck)
 s - a ring of fire
 t - a ring of protection from cold (right hand)
 u - a +4 ring of protection (left hand)
 D - a ring of resist corrosion
Scrolls
 d - a scroll of fear
 k - a scroll of amnesia
 r - 2 scrolls of immolation
 y - 2 scrolls of magic mapping
 B - 6 scrolls of identify
Potions
 a - 2 potions of mutation
 b - 2 potions of resistance
 g - a potion of cancellation
 p - a potion of might
 q - 4 potions of curing
 z - a potion of magic
 A - a potion of flight
 C - a potion of invisibility
 E - a potion of brilliance


   Skills:
 + Level 13.0 Fighting
 + Level 11.9 Maces & Flails
 - Level 8.8 Polearms
 - Level 9.0 Crossbows
 - Level 3.0 Throwing
 + Level 13.0 Armour
 - Level 3.2 Dodging
 - Level 1.5 Stealth


You had 11 spell levels left.
You didn't know any spells.
Your spell library contained the following spells:

 Spells                   Type           Power      Damage    Failure   Level
 Foxfire                  Conj/Fire      0%         2x1d4     99%         1
 Shock                    Conj/Air       0%         1d3       99%         1
 Sting                    Tmut/Pois      0%         1d3       99%         1
 Poisonous Vapours        Pois/Air       0%         N/A       100%        2
 Conjure Flame            Conj/Fire      0%         6-21      100%        3
 Inner Flame              Hex/Fire       0%         N/A       100%        3
 Portal Projectile        Hex/Tloc       0%         N/A       100%        3
 Stone Arrow              Conj/Erth      0%         3d7       100%        3
 Swiftness                Air            0%         N/A       100%        3
 Airstrike                Air            0%         N/A       100%        4
 Flame Wave               Conj/Fire      0%         2d4       100%        4
 Leda's Liquefaction      Hex/Erth       0%         N/A       100%        4
 Olgreb's Toxic Radiance  Pois           0%         N/A       100%        4
 Lehudib's Crystal Spear  Conj/Erth      0%         10d2      100%        8
 Call Canine Familiar     Summ           Unusable   N/A       N/A         3
 Animate Armour           Summ/Erth      Unusable   N/A       N/A         4

Dungeon Overview and Level Annotations

Branches:
Dungeon (13/15)            Temple (1/1) D:4            Lair (0/6) D:11
    Orc (1/2) D:12
 Vaults: D:13-14

Altars:
Ashenzari
Cheibriados
Dithmenos
Elyvilon
Fedhas
Gozag
Hepliaklqana
Kikubaaqudgha
Makhleb
Nemelex Xobeh
Okawaru
Qazlal
Ru
Sif Muna
Trog
Uskayaw
Vehumet
Wu Jian
Xom
Yredelemnul
Zin
The Shining One

Shops:
D:1 :   D:3 !   D:7 :   D:10 !   D:13 !:

Annotations:
D:13 Azrael, Nessos


Innate Abilities, Weirdness & Mutations

You have a pair of horns on your head.
You cannot study or use magical devices.
You are hated by all.
You take slightly more damage. (AC -5)
You are sensitive to extremes of temperature. (rF-, rC-)
You reflexively headbutt those who attack you in melee.
You are strong-willed. (Will+)
Your natural rate of healing is unusually fast.


Message History

You hit the fire elemental.
The fire elemental is heavily damaged.
The fire elemental barely misses you. The fire elemental hits you.
Azrael gestures at you.
The bolt of fire hits the fire elemental.
The fire elemental completely resists.
The bolt of fire hits you!! The fire burns you terribly!
An orc wizard comes into view. It is wielding a +0 dagger.
The orc wizard shouts!
The fire elemental hits you. The fire elemental burns you!
The fire burns you terribly!
The orc wizard moves out of view.
An orc wizard comes into view. It is wielding a +0 dagger.
Okay, then.
As you read the scroll of teleportation, it crumbles to dust.
You feel strangely unstable. The fire elemental hits you.
The fire elemental burns you! The fire burns you terribly!
* * * LOW HITPOINT WARNING * * *
The fire elemental hits you. The fire elemental burns you!
The fire burns you terribly!
* * * LOW HITPOINT WARNING * * *
The orc wizard casts a spell.
The orc wizard flickers and vanishes!
Deactivating autopickup; reactivate with Ctrl-A.
The orc wizard begins to cast a spell, but is stunned by your conviction!
Your surroundings suddenly seem different.
Nessos the Markscentaur comes into view.
They are carrying a wand of paralysis (5).
Nessos shouts!
Nessos intently looks at you, slowly moving their tail.
Nessos wields a +3 longbow of flaming.
It bursts into flame!
Nessos shoots an arrow.
You reflect the arrow off an invisible shield around you!
The arrow hits Nessos!
The arrow burns Nessos.
Nessos is poisoned.
As you read the scroll of teleportation, it crumbles to dust.
You feel strangely unstable.
You redirect Nessos's attack!
Nessos shoots an arrow.
The arrow hits you!!
* * * LOW HITPOINT WARNING * * *
The arrow burns you!
You are lethally poisoned!
You die...

#######
#####.....#
#.....@#..#.##
#.###...c....#
#.....#.##
#.#.....#
#.####### #.
#. ####### #.
#.....# #.
#.....#


You could see Nessos (very poisoned).

Vanquished Creatures
  Jorgrun (D:13)
  A hydra (D:12)
  Harold (D:7)
  Erolcha (D:9)
  A death knight (D:12)
  2 centaur warriors (D:13)
  3 two-headed ogres
  A two-headed ogre (shapeshifter) (D:13)
  4 skeletal warriors
  A manticore (D:12)
  A centaur zombie (D:11)
  5 cyclopes
  A gargoyle (D:12)
  The ghost of ShadowYui the Skirmisher, a novice HuFi (D:4)
  An unseen horror (D:12)
  2 efreet
  A kobold demonologist (D:12)
  A komodo dragon (D:11)
  A komodo dragon (shapeshifter) (D:8)
  3 trolls
  Prince Ribbit (D:9)
  2 slime creatures
  2 shadows
  2 wraiths
  A fire elemental (D:13)
  3 wyverns
  A water elemental (D:13)
  10 yaks
  A vampire (D:12)
  6 vampire mosquitoes
  A water moccasin (D:7)
  2 hell hounds (D:13)
  An ice beast (D:8)
  A sky beast (D:7)
  5 orc warriors
  The ghost of bobregger the Chopper, an amateur HuBe of Trog (D:3)
  A necrophage (D:7)
  An ogre (D:4)
  11 centaurs
  2 phantoms
  2 kobold brigands
  7 bullfrogs
  3 gnoll sergeants
  6 scorpions
  2 wyvern skeletons
  9 killer bees
  18 wights
  3 howler monkeys
  A bullfrog zombie (D:6)
  A bullfrog skeleton (D:3)
  A centaur skeleton (D:6)
  A hound (D:6)
  A jelly (D:4)
  5 orc priests
  2 gnoll shamans
  Jessica (D:3)
  6 iguanas
  8 orc wizards
  A scorpion simulacrum (D:3)
  2 hound skeletons (D:4)
  15 gnolls
  3 adders
  A hound simulacrum (D:3)
  2 white imps
  A howler monkey simulacrum (D:3)
  A worm (D:2)
  A dart slug (D:2)
  20 orcs
  7 bats
  13 endoplasms
  2 giant cockroaches
  17 goblins
  10 hobgoblins
  2 jackals (D:1)
  16 kobolds
  3 quokkas
  4 ball pythons
  A ball python simulacrum (D:3)
  A frilled lizard (D:3)
  8 rats
  A spectral hobgoblin (D:1)
297 creatures vanquished.

Vanquished Creatures (others)
  A manticore (D:13)
  An orc wizard (D:9)
  18 fungi
  23 plants (D:11)
43 creatures vanquished.

Grand Total: 340 creatures vanquished

Notes
Turn   | Place    | Note
-------+----------+-------------------------------------------
     0 | D:1      | NinjaNoafa the Minotaur Monk began the quest for the Orb.
     0 | D:1      | Reached XP level 1. HP: 19/19 MP: 0/0
   164 | D:1      | Found a faded altar of an unknown god.
   294 | D:1      | Reached skill level 1 in Armour
   294 | D:1      | Reached XP level 2. HP: 25/25 MP: 1/1
   449 | D:1      | Found Ruiff's Book Shoppe.
   746 | D:1      | Reached XP level 3. HP: 31/33 MP: 2/2
  1816 | D:3      | Found Qeqigaeg's Distillery.
  1828 | D:3      | Reached XP level 4. HP: 29/41 MP: 3/3
  2129 | D:3      | Noticed a scorpion
  2140 | D:3      | Gained mutation: You are strong-willed. (Will+) [potion of
                  | mutation]
  2140 | D:3      | Gained mutation: Your natural rate of healing is unusually
                  | fast. [potion of mutation]
  2143 | D:3      | Killed a scorpion
  2144 | D:3      | Reached skill level 5 in Fighting
  2144 | D:3      | Reached skill level 5 in Maces & Flails
  2144 | D:3      | Reached XP level 5. HP: 9/48 MP: 4/4
  2291 | D:3      | Found a runed translucent gate.
  2292 | D:3      | Found a runed translucent gate.
  2293 | D:3      | Found a runed translucent gate.
  2384 | D:3      | Noticed Jessica
  2393 | D:3      | Killed Jessica
  2509 | D:3      | Noticed bobregger's ghost (amateur HuBe)
  2749 | D:4      | Noticed a centaur
  2761 | D:4      | Killed a centaur
  2762 | D:4      | Reached XP level 6. HP: 49/57 MP: 5/5
  2932 | D:4      | Noticed ShadowYui's ghost (novice HuFi)
  2932 | D:4      | Identified the +4 great mace "Hyuckef" {venom, rN+ Int+3
                  | Dex+4}
  2933 | D:4      | Found a transporter.
  2933 | D:4      | Found a transporter.
  3063 | D:4      | Found a glowing golden altar of the Shining One.
  3119 | D:4      | Reached skill level 5 in Armour
  3274 | D:4      | Found a large runed translucent door.
  3276 | D:4      | Found a large runed translucent door.
  3458 | D:4      | Reached XP level 7. HP: 64/66 MP: 6/6
  3478 | D:4      | Found a staircase to the Ecumenical Temple.
  3674 | Temple   | Entered the Ecumenical Temple
  3912 | Temple   | Became a worshipper of Ru the Awakened
  3920 | Temple   | Gained mutation: You are hated by all. [Ru sacrifice]
  3920 | Temple   | Reached * piety under Ru
  4028 | D:4      | Found a snail-covered altar of Cheibriados.
  4171 | D:5      | Entered Level 5 of the Dungeon
  4193 | D:5      | Found a radiant altar of Vehumet.
  4284 | D:5      | Found an ancient bone altar of Kikubaaqudgha.
  4594 | D:5      | Found a stormy altar of Qazlal.
  5032 | D:6      | Found a hide-covered altar of Uskayaw.
  5267 | D:6      | Reached XP level 8. HP: 74/75 MP: 7/7
  5618 | D:7      | Reached skill level 1 in Evocations
  5741 | D:7      | Gained mutation: You are sensitive to extremes of
                  | temperature. (rF-, rC-) [Ru sacrifice]
  5741 | D:7      | Reached ** piety under Ru
  5741 | D:7      | Reached *** piety under Ru
  5745 | D:7      | Noticed Harold
  5804 | D:7      | Reached skill level 1 in Polearms
  5804 | D:7      | Reached XP level 9. HP: 72/83 MP: 8/8
  5901 | D:7      | Reached skill level 1 in Throwing
  5914 | D:7      | Killed Harold
  5915 | D:7      | Reached skill level 5 in Evocations
  6102 | D:7      | Found Vioden's Book Shoppe.
  6223 | D:3      | Killed bobregger's ghost
  6224 | D:3      | Reached skill level 5 in Polearms
  6258 | D:3      | Bought 2 potions of heal wounds for 100 gold pieces
  6258 | D:3      | Bought a potion of berserk rage for 50 gold pieces
  6717 | D:8      | Found a broken altar of Ashenzari.
  6826 | D:8      | Noticed a skeletal warrior
  6826 | D:8      | Noticed a skeletal warrior
  6834 | D:8      | Noticed a skeletal warrior
  7002 | D:8      | Noticed a komodo dragon
  7017 | D:8      | Killed a komodo dragon
  7079 | D:8      | Reached XP level 10. HP: 91/91 MP: 9/9
  7242 | D:8      | Killed a skeletal warrior
  7289 | D:8      | Killed a skeletal warrior
  7290 | D:8      | Reached skill level 10 in Fighting
  7290 | D:8      | Reached skill level 10 in Armour
  7296 | D:8      | Killed a skeletal warrior
  7660 | D:4      | Reached skill level 1 in Crossbows
  7673 | D:4      | Killed ShadowYui's ghost
  7890 | D:9      | Noticed a two-headed ogre
  7900 | D:9      | Killed a two-headed ogre
  8127 | D:9      | Reached skill level 5 in Crossbows
  8192 | D:9      | Noticed Erolcha
  8201 | D:9      | Reached XP level 11. HP: 101/101 MP: 10/10
  8205 | D:9      | Killed Erolcha
  8450 | D:9      | Gained mutation: You cannot study or use magical devices.
                  | [Ru sacrifice]
  8450 | D:9      | Reached **** piety under Ru
  8450 | D:9      | Reached ***** piety under Ru
  8621 | D:9      | Noticed Prince Ribbit
  8632 | D:9      | Killed Prince Ribbit
  8710 | D:10     | Entered Level 10 of the Dungeon
  8732 | D:10     | Found Jeimustra's Distillery.
  8742 | D:10     | Bought 2 potions of might for 80 gold pieces
  8846 | D:10     | Found a bloodstained altar of Trog.
  9946 | D:11     | Found a staircase to the Lair.
 10290 | D:12     | Found a staircase to the Orcish Mines.
 10743 | D:12     | Noticed a skeletal warrior
 10895 | D:12     | Gained mutation: You take slightly more damage. (AC -5) [Ru
                  | sacrifice]
 10895 | D:12     | Reached ****** piety under Ru
 10981 | D:12     | Reached XP level 12. HP: 107/110 MP: 11/11
 11004 | D:12     | Reached skill level 10 in Maces & Flails
 11031 | D:12     | Noticed a five-headed hydra
 11037 | D:12     | Killed a five-headed hydra
 11038 | D:12     | Noticed a death knight
 11241 | D:12     | Killed a death knight
 11505 | Orc:1    | Entered Level 1 of the Orcish Mines
 11524 | D:13     | Noticed Jorgrun
 11524 | D:13     | Found Redghist's Distillery.
 11524 | D:13     | Found Fuocuoh's Distillery.
 11535 | D:13     | Killed Jorgrun
 11547 | D:13     | Found Besi's Book Shop.
 11673 | D:13     | Noticed a centaur warrior
 11680 | D:13     | Killed a centaur warrior
 11876 | D:13     | Noticed a two-headed ogre
 11884 | D:13     | Killed a two-headed ogre
 11909 | D:13     | Noticed a two-headed ogre
 11910 | D:13     | Noticed a two-headed ogre
 11913 | D:13     | Killed a two-headed ogre
 11913 | D:13     | Killed a two-headed ogre
 12067 | D:13     | Noticed a centaur warrior
 12070 | D:13     | Noticed Azrael
 12072 | D:13     | Killed a centaur warrior
 12085 | D:13     | Noticed Nessos
 12087 | D:13     | HP: 1/110 [Nessos/arrow (21)]
 12087 | D:13     | Shot with an arrow by Nessos

Illustrated notes

Levels and vault maps discovered:
D:1:      tarquinn_simple_flora_water_c, layout_basic,
          dreamdust_ecumenical_altar_drowned_temple, serial_shops, shop,
          st_stairs_12, serial_bayou_lagoon_a, chequers_serial_rivers_marsh,
          ebering_dispersal_statue_hall, serial_park_tiny_pond
D:2:      layout_basic, st_stairs_7, chequers_serial_rivers_micro_d,
          hangedman_decor_slide_cut, due_unseen_surprise
D:3:      layout_basic, serial_shops, shop, gammafunk_ghost_icy,
          dk_noncrumbling_4, uniq_jessica
D:4:      kennysheep_the_goblin_king, layout_loops_ring,
          nicolae_tso_carved_into_rock, jmf_multi_god_temple2,
          minmay_temple_entry_nine_rooms, gammafunk_ghost_smash,
          grunt_ministairs_15
D:5:      layout_basic, mainiacjoe_overflow_surrounded_room,
          nicolae_vehumet_radiance, kiku_gazebo_pond_becter
D:6:      layout_rooms, eat_drink_and_be_merry_uskayaw,
          mainiacjoe_overflow_boulevard
D:7:      layout_cave_pools, serial_shops, nicolae_shop_waterfront, uniq_harold
D:8:      layout_basic, nicolae_ashenzari_panopticon
D:9:      layout_roguey, uniq_erolcha, uniq_prince_ribbit1
D:10:     layout_basic, gammafunk_temple_overflow_statue, serial_shops, shop
D:11:     layout_basic, grunt_lair_entry_orc_guard_hut
D:12:     minmay_opposing_rooms, layout_loops_ring, orc_0_dummy
D:13:     layout_loops_cross, david_vaults_2, nicolae_wooded_promenade,
          uniq_jorgrun, uniq_nessos, uniq_azrael
Temple:   minmay_temple_curvy_loop
Orc:1:    layout_caves, uniq_urug

Skill      XL: |  1  2  3  4  5  6  7  8  9 10 11 12 |
---------------+-------------------------------------+-----
Armour         | 1 2 3 4 5 7 9 10 11 13 | 13.0
Maces & Flails | 4 5 7 9 11 | 11.9
Fighting       | 4 5 7 8 9 10 11 13 | 13.0
Evocations     | 4 5 0 |  0.0
Polearms       | 1 7 8 |  8.8
Throwing       | 3 |  3.0
Crossbows      | 5 9 |  9.0
Dodging        | |  3.2
Stealth        | |  1.5

Action                   |  1- 3 |  4- 6 |  7- 9 | 10-12 || total
-------------------------+-------+-------+-------+-------++-------
Melee: Mace              |    47 |       |       |       ||    47
       Whip              |    59 |   124 |   164 |       ||   347
       Headbutt          |    15 |    18 |    66 |    50 ||   149
       Punch             |       |     2 |     4 |     1 ||     7
       Flail             |       |       |    13 |       ||    13
       Halberd           |       |       |    94 |    34 ||   128
       Spear             |       |       |    23 |    17 ||    40
       Great mace        |       |       |       |   123 ||   123
 Fire: Hand crossbow     |       |       |       |   243 ||   243
Throw: Dart              |       |     2 |    12 |     2 ||    16
Invok: Sacrifice Love    |       |       |     1 |       ||     1
       Sacrifice Resista |       |       |     1 |       ||     1
       Power Leap        |       |       |       |     6 ||     6
       Sacrifice Health  |       |       |       |     1 ||     1
       Sacrifice Artific |       |       |       |     1 ||     1
       Apocalypse        |       |       |       |     5 ||     5
Evoke: Wand              |       |       |     3 |     2 ||     5
  Use: Potion            |       |     6 |     6 |     8 ||    20
       Scroll            |       |     5 |     5 |    14 ||    24
 Stab: Invisible         |       |       |       |     2 ||     2
Armor: Ring mail         |    36 |       |       |       ||    36
       Scale mail        |       |    38 |    15 |       ||    53
       Plate armour      |       |       |   124 |   238 ||   362
Dodge: Dodged            |    64 |    80 |   136 |   124 ||   404
Block: Other             |       |       |    74 |    78 ||   152
       Reflection        |       |       |     3 |    10 ||    13
       Orb               |       |       |       |     6 ||     6
